Map: Acid Plant LE

Players

Legends

  • Race: Zerg Zerg
  • League: Gold
  • Spawn Location: 11:00

Schmitty - Winner!

  • Race: Zerg Zerg
  • League: Gold
  • Spawn Location: 5:00

VOD

Have the link to the VOD?

Description

ZVZ knife fight

Time

  • Played on: Feb. 7, 2018, 9:37 p.m.
  • Length: 5:35
Show
View Real Time Build Order
Export as new Build Order

Legends Zerg 

Build Orders: Pool First 

Get SALT Encoding   

  12  0:01  Drone  
  13  0:08  Drone  
  14  0:16  Drone, Extractor  
  15  0:22  Overlord  
  15  0:33  Extractor  
  14  0:40  Drone x2  
  16  0:44  Drone  
  17  0:52  Spawning Pool  
  17  0:55  Drone  
  17  1:05  Drone  
  18  1:16  Drone  
  19  1:27  Overlord  
  19  1:38  Metabolic Boost  
  19  1:39  Queen  
  21  1:44  Drone  
  22  1:49  Zergling x2  
  23  2:01  Zergling x2  
  23  2:03  Hatchery  
  23  2:12  Overlord  
  23  2:23  Zergling x2  
  23  2:25  Lair  
  24  2:31  Zergling x2  
  25  2:42  Zergling x2  
  26  2:47  Zergling x6  
  29  3:06  Overlord  
  28  3:13  Zergling x2  
  29  3:22  Drone x3  
  29  3:23  Zergling x4, Queen  
  36  3:30  Zergling x2  
  37  3:37  Drone  
  38  3:42  Spine Crawler, Drone  
  38  3:43  Drone  
  34  3:55  Zergling x2  
  34  3:56  Zergling x2  
  34  4:00  Zergling x4  
  34  4:01  Zergling x4  
  37  4:08  Queen  
  37  4:11  Drone x2  
  39  4:20  Spine Crawler  
  32  4:41  Zergling x6  
  32  4:42  Zergling x8  
  21  4:55  Zergling x4  
  21  4:56  Zergling x6  
  13  5:09  Drone  
  14  5:15  Drone  
Show
View Real Time Build Order
Export as new Build Order

Schmitty Zerg - Winner!

Build Orders: Hatch First 

Get SALT Encoding   

  12  0:02  Drone  
  13  0:08  Drone  
  14  0:17  Overlord  
  14  0:36  Drone x2  
  14  0:37  Drone  
  17  0:48  Drone  
  18  1:02  Drone  
  19  1:06  Hatchery  
  19  1:09  Drone  
  19  1:10  Extractor  
  18  1:21  Spawning Pool  
  18  1:22  Drone  
  18  1:33  Overlord  
  18  1:41  Drone  
  19  1:53  Drone  
  20  2:10  Zergling x2  
  20  2:11  Queen  
  20  2:13  Metabolic Boost  
  20  2:15  Zergling x2  
  24  2:18  Queen  
  24  2:20  Zergling x2  
  27  2:27  Zergling x2  
  28  2:30  Zergling x2  
  28  2:35  Zergling x2  
  28  2:36  Baneling Nest  
  29  2:46  Queen, Overlord  
  31  2:59  Zergling x2  
  31  3:00  Zergling x4  
  34  3:07  Queen  
  34  3:11  Zergling x2  
  36  3:14  Zergling x2  
  36  3:18  Zergling x2  
  38  3:20  Zergling x2  
  38  3:25  Zergling x2  
  40  3:38  Zergling x6  
  43  3:54  Zergling x2  
  44  4:00  Zergling x2  
  44  4:07  Zergling x2  
  44  4:08  Overlord  
  44  4:09  Overlord x2  
  44  4:12  Baneling x5  
  44  4:21  Overlord  
  44  4:28  Zergling x2  
  44  4:29  Zergling x4  
  41  4:54  Zergling x4  
  41  4:55  Zergling x6  
  43  5:07  Zergling x4  
  43  5:12  Baneling  
  43  5:13  Baneling x4  
  45  5:17  Zergling x4  
Tags
 
Add a new tag
Caveats
  • Supply blocks, unpowered buildings, or Contaminate may cause inaccurate times.
  • Supply counts are checked every 10 seconds.